 Dungeon Crawl Stone Soup version 0.16.1 (webtiles) character file.

65 Ladykiller69 the Caller (level 4, -8/24 HPs)
             Began as a Tengu Summoner on Mar 23, 2015.
             Mangled by an ogre
             ... wielding a +0 giant club
              (13 damage)
             ... on level 4 of the Dungeon.
             The game lasted 00:10:16 (1471 turns).

Ladykiller69 the Caller (Tengu Summoner)            Turns: 1471, Time: 00:10:16

Health: -8/24      AC:  3    Str: 10    XL:     4   Next: 14%
Magic:  8/9        EV: 13    Int: 15    God:
Gold:   127        SH:  0    Dex: 14    Spells: 2 memorised, 4 levels left

rFire  . . .     SeeInvis .     d - +0 spear
rCold  . . .     Clarity  .     a - +0 robe
rNeg   . . .     SustAb   .     (no shield)
rPois  .         Gourm    .     l - +1 hat
rElec  .         Spirit   .     (no cloak)
rCorr  .         Warding  .     (no gloves)
rMut   .         Stasis   .     (boots unavailable)
MR     .....                    (no amulet)
Stlth  ++........               (no ring)
                                (no ring)

@: not resistant to hostile enchantments, unstealthy
A: beak, talons 3
a: no special abilities


You were on level 4 of the Dungeon.
You were not hungry.

You visited 1 branch of the dungeon, and saw 4 of its levels.

You collected 127 gold pieces.

Inventory:

Hand weapons
 d - a +0 spear (weapon)
Armour
 a - a +0 robe (worn)
 l - a +1 hat (worn)
Jewellery
 n - an uncursed ring of fire {unknown}
Scrolls
 f - a scroll of identify
 j - a scroll of teleportation {unknown}
 k - a scroll of recharging {unknown}
 o - a scroll of remove curse {unknown}
 q - a scroll of blinking {unknown}
 r - a scroll of fear {unknown}
 u - a scroll of enchant armour {unknown}
Potions
 e - 2 potions of curing
 i - 2 potions of restore abilities {unknown}
 m - a potion of brilliance {unknown}
 v - a potion of resistance {unknown}
Books
 b - a book of Callings

   Spells                             Type                      Level
   a - Summon Small Mammal            Summoning                    1
   b - Call Imp                       Summoning                    2
   c - Call Canine Familiar           Summoning                    3
   d - Summon Guardian Golem          Hexes/Summoning              4
   e - Summon Lightning Spire         Summoning/Air                4
   f - Summon Ice Beast               Ice/Summoning                4
Comestibles
 c - 3 bread rations
 g - a beef jerky
 s - a slice of pizza
 t - 3 fruits


   Skills:
 * Level 1.8 Polearms
 + Level 2.9 Dodging
 - Level 2.0 Stealth
 + Level 2.4 Spellcasting
 * Level 5.4 Summonings


You had 4 spell levels left.
You knew the following spells:

 Your Spells              Type           Power        Failure   Level  Hunger
a - Summon Small Mammal   Summ           ###.         1%          1    #......
b - Call Imp              Summ           ###.....     3%          2    ###....


Dungeon Overview and Level Annotations

Branches:
Dungeon (4/15)
 Temple: D:4-7

Altars:


Innate Abilities, Weirdness & Mutations

You have a beak for a mouth.
You have claws for feet.


Message History

You hear the slow hiss of a distant avalanche of sand.
Your quokka barely misses the ogre.
Your quokka bites the kobold.
The kobold dies!
Your quokka bites the ogre.
A rat comes into view.
Casting: Summon Small Mammal
Confirm with . or Enter, or press ? or * to list all spells.
The ogre hits your bat with a giant club!
Your bat dies!
Your bat's corpse disappears in a puff of smoke!
Your quokka bites the ogre.
Your quokka bites the ogre.
Your quokka bites the ogre.
Casting: Summon Small Mammal
Confirm with . or Enter, or press ? or * to list all spells.
The ogre closely misses you. The ogre hits you with a giant club!
Ouch! That really hurt!
You die...

#######.##########.........,
#.#.r.....r..........,
#.#.#######..........,
#.#.#.....#.........,,
#.#.......#.........,,
#.###.#####.........,,
#.#...r...#.#######***
*.#.#.###.#.# *,#.#@# *,#.#
*,#.#O# *,#.# *,#.#.# *,*,*
*,#...###.#,* *,#.......#,*
*,#.#######,* *,#.# *,*
*,#.# *,* *,#.# *,*


You could see an ogre and a friendly rat.

Vanquished Creatures
  2 adders
  A worm (D:2)
  A giant gecko (D:2)
  2 giant cockroaches
  2 goblins
  3 hobgoblins
  6 jackals
  8 kobolds
  6 bats
  2 giant newts
  2 rats (D:2)
35 creatures vanquished.

Vanquished Creatures (collateral kills)
  A worm (D:2)
  A giant gecko (D:1)
  A giant cockroach (D:3)
  2 jackals
  A kobold (D:4)
6 creatures vanquished.

Vanquished Creatures (others)
  2 bats
  2 quokkas
  A rat (D:1)
5 creatures vanquished.

Grand Total: 46 creatures vanquished

Notes
Turn   | Place    | Note
--------------------------------------------------------------
     0 | D:1      | Ladykiller69, the Tengu Summoner, began the quest for the Orb.
     0 | D:1      | Reached XP level 1. HP: 10/10 MP: 3/3
   149 | D:1      | Reached skill level 5 in Summonings
   149 | D:1      | Reached XP level 2. HP: 15/15 MP: 5/5
   363 | D:1      | Learned a level 2 spell: Call Imp
   619 | D:2      | Reached skill level 1 in Polearms
   742 | D:2      | Reached XP level 3. HP: 19/19 MP: 7/7
  1376 | D:3      | Reached XP level 4. HP: 20/24 MP: 7/9
  1432 | D:4      | Noticed an ogre
  1471 | D:4      | Mangled by an ogre

Action                   |  1- 3 |  4- 6 || total
-------------------------+-------+-------++-------
Melee: Spear             |   143 |     2 ||   145
       Unarmed           |     1 |       ||     1
 Cast: Summon Small Mamm |     9 |     3 ||    12
  Use: Scroll            |       |     2 ||     2
 Stab: Sleeping          |     4 |       ||     4
  Eat: Chunk             |     2 |       ||     2
